 BcadrenCrawl: Boulder Brew version 0.03.2.1-60-gf6a17aa475 (webtiles) character file.

Game seed: 14220273627720065206, levelgen mode: deterministic

447 esc the Magician (level 6, 0/54 HPs) Deep Elf Earth Elementalist. Began on Feb 6, 2021. Succumbed to a water moccasin's poison ... on level 2 of the Dungeon. The game lasted 00:07:06 (1332 turns).

esc the Magician (Deep Elf Earth Elementalist)      Turns: 1332, Time: 00:07:06

Health: 0/54       AC: 23    Str:  5    XL:     6 ^: 94
Magic:  3/17       EV:  2    Int: 22    God:
Gold:   98         SH:  0    Dex: 15    Spells: 11/17 levels left

rFire    . . .     Vision   .   h - +2 dagger (venom)
rCold    . . .     Gourm    .   (no weapon)
rNeg     + + +     Faith    .   (armour currently unavailable)
rPois    +         Spirit   .   (helmet currently unavailable)
rElec    .         Reflect  .   (cloak currently unavailable)
rCorr    .         Harm     .   (gloves currently unavailable)
MR       .....     NoTele   +   (boots currently unavailable)
Stlth    ++........             (no amulet)
HPRegen  0.28/turn              (no ring)
MPRegen  0.27/turn              (no ring)

@: lethally poisoned (0 -> -5), tree-form, very slightly contaminated
A: no striking features
a: no special abilities


You were on level 2 of the Dungeon.
You were not hungry.
You were a tree.
You visited 1 branch of the dungeon, and saw 2 of its levels.

You collected 98 gold pieces.

Inventory:

Weapons
 h - a +2 dagger of venom (weapon)
Armour
 b - a +0 robe (melded)
Jewellery
 j - a cursed amulet of reflection {(Curse: *Drain)}
Scrolls
 a - 2 scrolls of teleportation
 f - 2 scrolls of fear
 i - a scroll of bless item
 k - a scroll of amnesia
Miscellaneous
 e - a lamp of fire
Comestibles
 c - 6 rations
 d - 3 chunks of flesh


   Skills:
 + Level 2.6 Fighting
 - Level 1.1 Short Blades
 - Level 3.1 Dodging
 - Level 2.4 Stealth
 + Level 6.0 Spellcasting
 - Level 1.1 Transmutations
 + Level 5.4 Earth Magic


You had 11 spell levels left.
You knew the following spells:

 Your Spells              Type           Power        Failure   Level  Hunger
a - Sandblast             Erth           30 (50)      1%          1    None
b - Stone Arrow           Erth           30 (50)      3%          3    #......
c - Passwall              Tmut/Erth      21 (120)     3%          2    None

Your spell library contained the following spells:

 Spells                   Type           Power        Failure   Level  Hunger
 Petrify                  Tmut/Erth      21 (100)     24%         4    ###....
 Lee's Rapid Deconstruct  Erth           30 (200)     26%         5    #####..
 Methodical Deconstructi  Erth           30 (200)     26%         5    #####..


Dungeon Overview and Level Annotations

Branches:
Dungeon (2/8)

Altars:


Message History

Casting: Sandblast (safe; 1% risk of failure)
Confirm with . or Enter, or press ? or * to list all spells.
Aiming: Sandblast (safe; 1% risk of failure)
Press: ? - help, Shift-Dir - straight line, f - bat
Aim: a bat (healthy (4/4))
Okay, then.
You aren't carrying any potions.
Unknown command.
Casting: Sandblast (safe; 1% risk of failure)
Confirm with . or Enter, or press ? or * to list all spells.
Aiming: Sandblast (safe; 1% risk of failure)
Press: ? - help, Shift-Dir - straight line, f - bat
Aim: a bat (healthy (4/4))
The blast of sand hits the bat (13)!
You kill the bat!
* * * LOW HITPOINT WARNING * * *
You feel sick. (1)
You aren't carrying any potions.
Unknown command.
You die...

≈≈≈...≈..≈≈≈≈≈ ≈≈≈
≈....≈≈≈≈≈≈≈≈≈ ≈≈≈≈ ≈##
#...≈≈≈≈≈≈≈≈≈≈ ≈≈≈≈
≈≈≈≈≈##..)≈≈≈≈≈≈≈≈≈≈
≈≈≈≈
≈.S.Sl!<..≈≈;≈≈≈≈≈≈≈
≈≈≈≈
..#######[≈≈≈≈.≈≈÷≈≈
≈≈≈≈ #≈≈≈≈≈≈≈.......≈≈≈
≈≈≈≈
###≈≈.≈≈≈≈≈.≈$≈≈....
≈≈≈≈ ###
#≈.≈..≈≈≈≈.†♣≈≈≈≈P..
.≈≈≈ .≈#
###†########.≈≈≈≈..#
#≈##
.≈###≈..r#.≈####.≈≈≈≈.##
#
≈.#.##≈.r≈.<#≈≈#..≈≈..#
###
≈..≈.##..#.≈.#≈#.≈≈≈≈.#
##≈≈
.≈..≈#.≈###≈.≈...≈P≈≈≈#
#≈.#
≈######..≈###≈##.≈≈≈≈≈#
##≈≈
.#...##.≈#######.≈≈≈≈.#
### #≈...≈##.≈≈#
#.≈....# ####


You could see a neutral submerged slimehead (wandering) (passive).

Vanquished Creatures
  A water moccasin (D:2)
  A bullfrog (D:2)
  2 jellies (D:2)
  4 giant cockroaches
  2 adders (D:2)
  8 sewer rats
  3 cinder newts
  2 dart slugs (D:1)
  4 leopard geckos
  A ball python (D:2)
  8 bats
  7 goblins (D:1)
  4 hobgoblins (D:1)
  2 ball python skeletons (D:2)
  A hobgoblin skeleton (D:2)
  6 kobolds (D:1)
  6 rats (D:1)
62 creatures vanquished.

Vanquished Creatures (others)
  A merfolk avatar (D:2)
  A giant cockroach (D:2)
  A bat (D:2)
  2 giant blowflies (D:2)
  78 withered plants (D:2)
83 creatures vanquished.

Grand Total: 145 creatures vanquished

Notes
Turn   | Place    | Note
-------+----------+-------------------------------------------
     0 | D:1      | esc the Deep Elf Earth Elementalist began the quest for the
                  | Orb.
     0 | D:1      | Reached XP level 1. HP: 10/10 MP: 6/6
   152 | D:1      | Reached XP level 2. HP: 15/15 MP: 6/8
   353 | D:1      | Reached XP level 3. HP: 19/19 MP: 8/10
   518 | D:1      | Reached skill level 4 in Spellcasting
   596 | D:1      | Reached XP level 4. HP: 17/24 MP: 3/12
   598 | D:1      | Reached skill level 1 in Short Blades
   602 | D:1      | Reached skill level 1 in Fighting
   761 | D:2      | Reached XP level 5. HP: 17/29 MP: 8/13
  1054 | D:2      | Reached skill level 5 in Spellcasting
  1059 | D:2      | Learned a level 3 spell: Stone Arrow
  1062 | D:2      | Learned a level 2 spell: Passwall
  1152 | D:2      | Reached XP level 6. HP: 34/35 MP: 11/16
  1179 | D:2      | Reached skill level 5 in Earth Magic
  1312 | D:2      | Noticed a water moccasin
  1324 | D:2      | Killed a water moccasin
  1324 | D:2      | Reached skill level 6 in Spellcasting
  1329 | D:2      | HP: 2/54 [poisoned by a water moccasin]
  1332 | D:2      | Succumbed to a water moccasin's poison

Levels and vault maps discovered:
D:1:      psy_arrival_statuary, layout_loops_ring, first_ration,
          gup_sewer_entry_bowl
D:2:      layout_sewer, elyvilon_altar_5, cheibriados_altar_1, st_mermaid_room,
          serial_shops, shop

Skill      XL: |  1  2  3  4  5  6 |
---------------+-------------------+-----
Dodging        | 3 |  3.1
Spellcasting   | 4 5 6 |  6.0
Earth Magic    | 4 5 |  5.4
Short Blades   | 1 |  1.1
Fighting       | 1 2 |  2.6
Stealth        | |  2.4
Transmutations | |  1.1

Action                   |  1- 3 |  4- 6 || total
-------------------------+-------+-------++-------
Melee: Unarmed           |     8 |     8 ||    16
       Dagger            |     6 |     9 ||    15
 Cast: Sandblast         |    39 |    61 ||   100
       Stone Arrow       |       |     9 ||     9
  Use: Scroll            |       |     1 ||     1
       Potion            |       |     1 ||     1
  Eat: Chunk             |       |     2 ||     2
Armor: Robe              |     1 |     1 ||     2
       Skin              |       |    18 ||    18
Dodge: Dodged            |    12 |    32 ||    44
